PL
NORTHERN VIRGINIA RAINBOW MERMAIDS @ CHICAGO SILVER SOX
09/20/2038
 
TOP OF THE 1ST
Northern Virginia Rainbow Mermaids batting - Pitching for Chicago Silver Sox : LHP Stanford McCain
Pitching: LHP Stanford McCain
Batting: RHB Tony Calhoun 0-0: Ball
1-0: Ball
2-0: Ball
3-0: Base on Balls
Batting: RHB Mario Castillo 0-0: Ball
1-0: Ball
2-0: Called Strike
2-1: Called Strike
Tony Calhoun is caught stealing 2nd base 2-4
2-2: Ball
3-2: Ground out 6-3 (Groundball, 6, EV 86.2 MPH)
Batting: RHB Jesús Vargas 0-0: Ball
1-0: Called Strike
1-1: Ball
2-1: Called Strike
2-2: Foul Ball, location: 2F
2-2: Ball
3-2: SINGLE (Groundball, 6D, EV 103.8 MPH)
Batting: RHB Zahid Kashani 0-0: Ball
1-0: Ball
2-0: Called Strike
2-1: Ball
3-1: Base on Balls
Jesús Vargas to second
Batting: RHB Phil McCroskey 0-0: Ball
1-0: Ground out 5-3 (Groundball, 56S, EV 88.8 MPH)
Top of the 1st over - 0 runs, 1 hit, 0 errors, 2 left on base; Northern Virginia 0 - Chicago 0
BOTTOM OF THE 1ST
Chicago Silver Sox batting - Pitching for Northern Virginia Rainbow Mermaids : RHP Eddie Kop
Pitching: RHP Eddie Kop
Batting: RHB Loring Rommel 0-0: Called Strike
0-1: Ball
1-1: Ball
2-1: SINGLE (Groundball, 56D, EV 97.5 MPH)
Batting: RHB Melvin Thomas 0-0: Swinging Strike
0-1: Ball
1-1: Fly out, F9 (Line Drive, 9D, EV 90.6 MPH)
Batting: LHB Jonathan Gunner 0-0: Ball
1-0: Fly out, F9 (Flyball, 9S, EV 95.6 MPH)
Batting: LHB Larry McLambroch 0-0: Ball
1-0: Called Strike
1-1: Swinging Strike
1-2: Ball
2-2: 2-RUN HOME RUN (Line Drive, 9LD, EV 98.1 MPH), Distance : 351 ft
Batting: SHB Gerrie Bond 0-0: Called Strike
0-1: Called Strike
0-2: Ball
1-2: Ball
2-2: Ball
3-2: Ground out 1-3 (Groundball, 13S, EV 62.5 MPH)
Bottom of the 1st over - 2 runs, 2 hits, 0 errors, 0 left on base; Northern Virginia 0 - Chicago 2
TOP OF THE 2ND
Northern Virginia Rainbow Mermaids batting - Pitching for Chicago Silver Sox : LHP Stanford McCain
Batting: SHB Lupo Cotto 0-0: Ball
1-0: Foul Ball, location: 2F
1-1: Foul Ball, location: 2F
1-2: SOLO HOME RUN (Flyball, 7D, EV 102.5 MPH), Distance : 371 ft
Batting: LHB Tim Stinson 0-0: DOUBLE (Line Drive, 89XD, EV 97.5 MPH)
Batting: RHB Eric Deweese 0-0: Fly out, F9 (Flyball, 9LM, EV 85.6 MPH)
Batting: LHB Jim Brown 0-0: Ball
1-0: Ground out 4-3 (Groundball, 34, EV 85.0 MPH)
Tim Stinson to third
Batting: RHB Tony Calhoun 0-0: Fly out, F8 (Line Drive, 8LM, EV 86.2 MPH)
Top of the 2nd over - 1 run, 2 hits, 0 errors, 1 left on base; Northern Virginia 1 - Chicago 2
BOTTOM OF THE 2ND
Chicago Silver Sox batting - Pitching for Northern Virginia Rainbow Mermaids : RHP Eddie Kop
Batting: RHB Manuel Ramos 0-0: Ball
1-0: Ball
2-0: Called Strike
2-1: Foul Ball, location: 2F
2-2: Ground out 6-3 (Groundball, 6S, EV 81.2 MPH)
Batting: LHB Michael Witt 0-0: Ball
1-0: Ball
2-0: Foul Ball, location: 2F
2-1: Called Strike
2-2: Ball
3-2: SOLO HOME RUN (Flyball, 9D, EV 106.9 MPH), Distance : 354 ft
Batting: RHB Fortunato Rasquinha 0-0: Fly out, F9 (Flyball, 9LS, EV 89.4 MPH)
Batting: RHB Garm van Opdorp 0-0: Ball
1-0: Called Strike
1-1: Fly out, F8 (Flyball, 89D, EV 102.5 MPH)
Bottom of the 2nd over - 1 run, 1 hit, 0 errors, 0 left on base; Northern Virginia 1 - Chicago 3
TOP OF THE 3RD
Northern Virginia Rainbow Mermaids batting - Pitching for Chicago Silver Sox : LHP Stanford McCain
Batting: RHB Mario Castillo 0-0: Called Strike
0-1: Swinging Strike
0-2: Ball
1-2: Foul Ball, location: 2F
1-2: Strikes out swinging
Batting: RHB Jesús Vargas 0-0: Ball
1-0: Called Strike
1-1: Foul Ball, location: 2F
1-2: Reached via error on a dropped throw from 1B, E1 (Groundball, 34, EV 108.1 MPH)
Batting: RHB Zahid Kashani 0-0: Called Strike
0-1: Ball
1-1: Ball
2-1: Foul Ball, location: 2F
2-2: Fielders Choice at 2nd, 6-4 (Groundball, 6, EV 84.4 MPH)
Batting: RHB Phil McCroskey 0-0: Ball
1-0: Ball
2-0: Called Strike
2-1: Swinging Strike
2-2: Ball
3-2: Base on Balls
Zahid Kashani to second
Batting: SHB Lupo Cotto 0-0: Ball
1-0: Called Strike
1-1: Ball
2-1: Called Strike
2-2: Ball
3-2: Foul Ball, location: 2F
3-2: Strikes out swinging
Top of the 3rd over - 0 runs, 0 hits, 1 error, 2 left on base; Northern Virginia 1 - Chicago 3
BOTTOM OF THE 3RD
Chicago Silver Sox batting - Pitching for Northern Virginia Rainbow Mermaids : RHP Eddie Kop
Batting: RHB Loring Rommel 0-0: Foul Ball, location: 2F
0-1: Ball
1-1: Foul Ball, location: 2F
1-2: Ball
2-2: Strikes out looking
Batting: RHB Melvin Thomas 0-0: Called Strike
0-1: Called Strike
0-2: Ground out 4-3 (Groundball, 4, EV 88.1 MPH)
Batting: LHB Jonathan Gunner 0-0: Ball
1-0: SINGLE (Groundball, 56D, EV 97.5 MPH)
Batting: LHB Larry McLambroch 0-0: Ball
1-0: Ball
2-0: Ground out 4-3 (Groundball, 4, EV 82.5 MPH)
Bottom of the 3rd over - 0 runs, 1 hit, 0 errors, 1 left on base; Northern Virginia 1 - Chicago 3
TOP OF THE 4TH
Northern Virginia Rainbow Mermaids batting - Pitching for Chicago Silver Sox : LHP Stanford McCain
Batting: LHB Tim Stinson 0-0: Ball
1-0: Foul Ball, location: 2F
1-1: Ball
2-1: Ball
3-1: Foul Ball, location: 2F
3-2: Strikes out swinging
Batting: RHB Eric Deweese 0-0: Ball
1-0: Called Strike
1-1: Ball
2-1: Ball
3-1: Base on Balls
Batting: LHB Jim Brown 0-0: Foul Ball, location: 2F
0-1: Swinging Strike
0-2: Foul Ball, location: 2F
0-2: Strikes out looking
Batting: RHB Tony Calhoun 0-0: Foul Ball, location: 2F
0-1: Called Strike
0-2: Strikes out swinging
Top of the 4th over - 0 runs, 0 hits, 0 errors, 1 left on base; Northern Virginia 1 - Chicago 3
BOTTOM OF THE 4TH
Chicago Silver Sox batting - Pitching for Northern Virginia Rainbow Mermaids : RHP Eddie Kop
Batting: SHB Gerrie Bond 0-0: Called Strike
0-1: Ball
1-1: Called Strike
1-2: Strikes out swinging
Batting: RHB Manuel Ramos 0-0: Called Strike
0-1: Ball
1-1: Foul Ball, location: 2F
1-2: Strikes out swinging
Batting: LHB Michael Witt 0-0: Foul Ball, location: 2F
0-1: Ground out 6-3 (Groundball, 6, EV 103.8 MPH)
Bottom of the 4th over - 0 runs, 0 hits, 0 errors, 0 left on base; Northern Virginia 1 - Chicago 3
TOP OF THE 5TH
Northern Virginia Rainbow Mermaids batting - Pitching for Chicago Silver Sox : LHP Stanford McCain
Batting: RHB Mario Castillo 0-0: Ball
1-0: Ball
2-0: Foul Ball, location: 2F
2-1: Foul Ball, location: 2F
2-2: SOLO HOME RUN (Flyball, 78XD, EV 96.9 MPH), Distance : 437 ft
Batting: RHB Jesús Vargas 0-0: SINGLE (Flyball, 89S, EV 88.1 MPH)
Batting: RHB Zahid Kashani 0-0: Ball
Jesús Vargas steals 2nd, throwing error, E2
Jesús Vargas to third
1-0: Ball
2-0: Fly out, F7 (Flyball, 7LSF, EV 79.4 MPH)
Batting: RHB Phil McCroskey 0-0: Called Strike
0-1: Ball
1-1: Swinging Strike
1-2: Foul Ball, location: 2F
1-2: Strikes out swinging, 2-3 out at first.
Batting: SHB Lupo Cotto 0-0: Called Strike
0-1: Fly out, F8 (Flyball, 8RXD, EV 100.0 MPH)
Top of the 5th over - 1 run, 2 hits, 1 error, 1 left on base; Northern Virginia 2 - Chicago 3
BOTTOM OF THE 5TH
Chicago Silver Sox batting - Pitching for Northern Virginia Rainbow Mermaids : RHP Eddie Kop
Batting: RHB Fortunato Rasquinha 0-0: Called Strike
0-1: Foul Ball, location: 2F
0-2: Ball
1-2: Ball
2-2: Ground out U3 (Groundball, 3, EV 100.0 MPH)
Batting: RHB Garm van Opdorp 0-0: Called Strike
0-1: Called Strike
0-2: Ball
1-2: SINGLE (Groundball, 4MD, EV 105.6 MPH)
Batting: RHB Loring Rommel 0-0: Called Strike
0-1: Ball
1-1: Ball
2-1: Fielders Choice at 2nd, 6-4 (Groundball, 6, EV 87.5 MPH)
Batting: RHB Melvin Thomas 0-0: Called Strike
0-1: Ball
1-1: Called Strike
1-2: Ball
2-2: Ball
3-2: Base on Balls
Loring Rommel to second
Batting: LHB Jonathan Gunner 0-0: Ball
1-0: Ground out 1-3 (Groundball, 34S, EV 71.9 MPH)
Bottom of the 5th over - 0 runs, 1 hit, 0 errors, 2 left on base; Northern Virginia 2 - Chicago 3
TOP OF THE 6TH
Northern Virginia Rainbow Mermaids batting - Pitching for Chicago Silver Sox : LHP Stanford McCain
Batting: LHB Tim Stinson 0-0: Ball
1-0: Called Strike
1-1: Ball
2-1: Foul Ball, location: 2F
2-2: Ball
3-2: Fly out, F9 (Flyball, 9LS, EV 79.4 MPH)
Batting: RHB Eric Deweese 0-0: Swinging Strike
0-1: SINGLE (Line Drive, 9LS, EV 98.8 MPH)
Pitching: RHP Eugenio Pińeiro
Batting: LHB Jim Brown 0-0: Called Strike
0-1: Ball
1-1: Ball
2-1: Ball
3-1: Fly out, F7 (Line Drive, 7, EV 96.2 MPH)
Batting: RHB Tony Calhoun 0-0: Foul Ball, location: 2F
0-1: Foul Ball, location: 2F
0-2: Ball
1-2: Foul Ball, location: 2F
1-2: Fly out, F3 (Line Drive, 3, EV 71.9 MPH)
Top of the 6th over - 0 runs, 1 hit, 0 errors, 1 left on base; Northern Virginia 2 - Chicago 3
BOTTOM OF THE 6TH
Chicago Silver Sox batting - Pitching for Northern Virginia Rainbow Mermaids : RHP Eddie Kop
Batting: LHB Larry McLambroch 0-0: Ball
1-0: Fly out, F7 (Flyball, 7LS, EV 92.5 MPH)
Batting: SHB Gerrie Bond 0-0: Called Strike
0-1: Fly out, F7 (Flyball, 7S, EV 85.6 MPH)
Batting: RHB Manuel Ramos 0-0: Foul Ball, location: 2F
0-1: Swinging Strike
0-2: Strikes out looking
Bottom of the 6th over - 0 runs, 0 hits, 0 errors, 0 left on base; Northern Virginia 2 - Chicago 3
TOP OF THE 7TH
Northern Virginia Rainbow Mermaids batting - Pitching for Chicago Silver Sox : RHP Eugenio Pińeiro
Pitching: RHP Surrealiste Zhejna
Batting: RHB Mario Castillo 0-0: Ground out U3 (Groundball, 34, EV 100.6 MPH)
Batting: RHB Jesús Vargas 0-0: Ball
1-0: SINGLE (Groundball, 3D, EV 98.1 MPH)
Pinch Hitting: LHB Tural Bishara 0-0: Ball
1-0: Ball
2-0: Fielders Choice at 2nd, 5-4 (Groundball, 6, EV 92.5 MPH)
Pinch Hitting: LHB Ryder Ringor 0-0: Ball
Tural Bishara steals 2nd base
1-0: Ball
2-0: Called Strike
2-1: Ball
3-1: Called Strike
3-2: Foul Ball, location: 2F
3-2: Fly out, F9 (Flyball, 9S, EV 95.0 MPH)
Top of the 7th over - 0 runs, 1 hit, 0 errors, 1 left on base; Northern Virginia 2 - Chicago 3
BOTTOM OF THE 7TH
Chicago Silver Sox batting - Pitching for Northern Virginia Rainbow Mermaids : RHP Eddie Kop
Now at 1B: Ryder Ringor
Now in LF: Tural Bishara
Batting: LHB Michael Witt 0-0: Called Strike
0-1: Called Strike
0-2: SINGLE (Groundball, 34D, EV 94.4 MPH)
Batting: RHB Fortunato Rasquinha 0-0: Called Strike
0-1: Foul Ball, location: 2F
0-2: Ball
1-2: Ball
2-2: Strikes out swinging
Batting: RHB Garm van Opdorp 0-0: Ball
1-0: Ball
2-0: SINGLE (Line Drive, 5D, EV 98.1 MPH)
Michael Witt to second
Pitching: RHP Javier Ariza
Batting: RHB Loring Rommel 0-0: Called Strike
0-1: Foul Ball, location: 2F
0-2: Ball
1-2: Strikes out swinging
Batting: RHB Melvin Thomas 0-0: Ball
1-0: Swinging Strike
1-1: Ball
2-1: Ball
3-1: Base on Balls
Michael Witt to third
Garm van Opdorp to second
Batting: LHB Jonathan Gunner 0-0: Ball
1-0: Called Strike
1-1: Ball
2-1: Fly out, F8 (Flyball, 8RD, EV 94.4 MPH)
Bottom of the 7th over - 0 runs, 2 hits, 0 errors, 3 left on base; Northern Virginia 2 - Chicago 3
TOP OF THE 8TH
Northern Virginia Rainbow Mermaids batting - Pitching for Chicago Silver Sox : RHP Surrealiste Zhejna
Batting: SHB Lupo Cotto 0-0: Ball
1-0: Ball
2-0: Ball
3-0: Base on Balls
Batting: LHB Tim Stinson 0-0: Ball
1-0: Called Strike
1-1: Grounds into double play, 6-4-3 (Groundball, 6, EV 81.9 MPH)
Batting: RHB Eric Deweese 0-0: Fly out, F9 (Flyball, 9LSF, EV 90.6 MPH)
Top of the 8th over - 0 runs, 0 hits, 0 errors, 0 left on base; Northern Virginia 2 - Chicago 3
BOTTOM OF THE 8TH
Chicago Silver Sox batting - Pitching for Northern Virginia Rainbow Mermaids : RHP Javier Ariza
Batting: LHB Larry McLambroch 0-0: Swinging Strike
0-1: Swinging Strike
0-2: Strikes out swinging
Batting: SHB Gerrie Bond 0-0: Ball
1-0: Fly out, F9 (Flyball, 9D, EV 89.4 MPH)
Batting: RHB Manuel Ramos 0-0: Ball
1-0: Fly out, F4 (Line Drive, 4, EV 67.5 MPH)
Bottom of the 8th over - 0 runs, 0 hits, 0 errors, 0 left on base; Northern Virginia 2 - Chicago 3
TOP OF THE 9TH
Northern Virginia Rainbow Mermaids batting - Pitching for Chicago Silver Sox : RHP Surrealiste Zhejna
Batting: LHB Jim Brown 0-0: Called Strike
0-1: Ball
1-1: Ball
2-1: Called Strike
2-2: SINGLE (Groundball, 34D, EV 101.9 MPH)
Batting: RHB Tony Calhoun 0-0: Ball
1-0: Sac Bunt to 15S - play at first, batter OUT! 1-4
Jim Brown to second
Pitching: RHP Shang-de Fu
Batting: RHB Mario Castillo 0-0: Ball
1-0: Called Strike
1-1: DOUBLE (Flyball, 89D, EV 106.9 MPH)
Jim Brown scores
Batting: RHB Jesús Vargas 0-0: Called Strike
0-1: Ball
1-1: SINGLE (Flyball, 8RS, EV 94.4 MPH)
Mario Castillo to third
Batting: LHB Tural Bishara 0-0: Ball
Jesús Vargas steals 2nd base (no throw)
1-0: Called Strike
1-1: Foul Ball, location: 2F
1-2: Strikes out swinging
Batting: LHB Ryder Ringor 0-0: Ball
1-0: Called Strike
1-1: Foul Ball, location: 2F
1-2: Ball
2-2: Fly out, F1 (Line Drive, P, EV 73.8 MPH)
Top of the 9th over - 1 run, 3 hits, 0 errors, 2 left on base; Northern Virginia 3 - Chicago 3
BOTTOM OF THE 9TH
Chicago Silver Sox batting - Pitching for Northern Virginia Rainbow Mermaids : RHP Javier Ariza
Batting: LHB Michael Witt 0-0: Ball
1-0: Foul Ball, location: 2F
1-1: Foul Ball, location: 2F
1-2: Ball
2-2: Ball
3-2: Ground out 4-3 (Groundball, 4, EV 85.0 MPH)
Batting: RHB Fortunato Rasquinha 0-0: Ball
1-0: Called Strike
1-1: Foul Ball, location: 2F
1-2: Ball
2-2: Ball
3-2: SINGLE (Flyball, 9S, EV 91.9 MPH)
Batting: RHB Garm van Opdorp 0-0: Swinging Strike
Balk!
Fortunato Rasquinha to second
0-1: Ball
1-1: Ball
2-1: Foul Ball, location: 2F
2-2: SINGLE (Line Drive, 6MD, EV 97.5 MPH)
Fortunato Rasquinha to third
Batting: RHB Loring Rommel 0-0: Ball
1-0: Ball
2-0: Ball
3-0: Called Strike
3-1: Base on Balls
Garm van Opdorp to second
Batting: RHB Melvin Thomas 0-0: Called Strike
0-1: Ball
1-1: Called Strike
1-2: Strikes out swinging
Batting: LHB Jonathan Gunner 0-0: SINGLE (Groundball, 6MD, EV 103.1 MPH)
Fortunato Rasquinha scores
Friday, April 17th, 2020 - OOTP Baseball 20.8 Build 74